 Dungeon Crawl Stone Soup version 0.30-a0-311-gf115ab0292 (webtiles) character file.

Game seed: 1182625571669892026

929 purpskrrrp the Ruffian (level 7, 0/71 HPs)
             Began as a Troll Fighter on Oct 25, 2022.
             Slain by a gnoll
             ... wielding a +2 halberd of freezing
             ... led by a gnoll bouda
              (2 damage)
             ... on level 5 of the Dungeon.
             The game lasted 00:07:05 (3749 turns).

purpskrrrp the Ruffian (Troll Fighter)              Turns: 3749, Time: 00:07:06

Health: 0/71       AC:  5    Str: 33    XL:     7   Next: 85%
Magic:  6/6        EV:  8    Int:  4    God:
Gold:   182        SH:  7    Dex:  9    Spells: 6/6 levels left

rFire   + . .      SeeInvis .      - Unarmed
rCold   . . .      Faith    .    b - +0 kite shield
rNeg    + . .      Spirit   .    a - +0 robe
rPois   .          Reflect  .    (helmet restricted)
rElec   .          Harm     .    t - +0 cloak
rCorr   .          Rampage  .    (gloves unavailable)
Will    .....                    (boots unavailable)
Stlth   +.........               (no amulet)
HPRegen 1.11/turn                j - ring of protection from fire
MPRegen 0.10/turn                p - ring of the Evening {rN+ Will- Str+6}

@: no status effects
A: large, unfitting armour, claws 3, regeneration 1, shaggy fur 1, tough skin 1
a: no special abilities


You were on level 5 of the Dungeon.
You visited 1 branch of the dungeon, and saw 5 of its levels.

You collected 290 gold pieces.
You spent 108 gold pieces at shops.

Inventory:

Hand Weapons
 s - a +0 giant spiked club of flaming
Missiles
 c - 5 large rocks (quivered)
Armour
 a - a +0 robe (worn)
 b - a +0 kite shield (worn)
 t - a +0 cloak (worn)
Jewellery
 j - a ring of protection from fire (left claw)
 p - the ring of the Evening (right claw) {rN+ Will- Str+6}
   (You found it on level 4 of the Dungeon)

   [ring of positive energy]

   Str:       It affects your strength (+6).
   rN:        It protects you from negative energy.
   Will:      It decreases your willpower.
 w - the ring "Vust" {Wiz Will+ Str-5 SInv}
   (You found it on level 5 of the Dungeon)

   [ring of wizardry]

   It improves your spell success rate.
   Str:       It affects your strength (-5).
   SInv:      It lets you see invisible.
   Will:      It increases your willpower.
Scrolls
 d - 2 scrolls of butterflies
 q - 2 scrolls of teleportation
Potions
 e - 4 potions of attraction
 f - 2 potions of lignification
 g - 2 potions of resistance {unknown}
 h - a potion of curing {unknown}
 i - 3 potions of flight {unknown}
 k - 2 potions of might
 l - a potion of cancellation {unknown}
 m - a potion of haste {unknown}
 n - a potion of berserk rage {unknown}
 o - 2 potions of brilliance {unknown}
 r - 2 potions of heal wounds {unknown}
 u - a potion of invisibility {unknown}
 v - a potion of mutation {unknown}


   Skills:
 + Level 4.9 Fighting
 - Level 2.4 Dodging
 - Level 2.6 Shields
 * Level 7.6 Unarmed Combat


You had 6 spell levels left.
You didn't know any spells.
Your spell library contained the following spells:

 Spells                   Type           Power      Damage    Failure   Level
 Apportation              Tloc           0%         N/A       80%         1
 Freeze                   Ice            0%         1d3       80%         1
 Necrotise                Necr           0%         1d4       80%         1
 Summon Small Mammal      Summ           0%         N/A       80%         1
 Call Canine Familiar     Summ           0%         N/A       99%         3
 Frozen Ramparts          Ice            0%         1d1       99%         3
 Hailstorm                Conj/Ice       0%         3d3       99%         3
 Portal Projectile        Hex/Tloc       0%         N/A       99%         3
 Summon Guardian Golem    Hex/Summ       0%         N/A       99%         3
 Tukima's Dance           Hex            0%         N/A       99%         3
 Vampiric Draining        Necr           0%         2d6       99%         3
 Ice Form                 Ice/Tmut       0%         N/A       100%        4
 Summon Ice Beast         Ice/Summ       0%         N/A       100%        4
 Agony                    Necr           0%         N/A       100%        5
 Alistair's Intoxication  Tmut/Pois      0%         N/A       100%        5
 Blade Hands              Tmut           0%         N/A       100%        5


Dungeon Overview and Level Annotations

Branches:
Dungeon (5/15)
 Temple: D:4-7

Altars:
Gozag
Qazlal
Uskayaw
The Shining One

Shops:
D:1 :   D:2 ?[(   D:5 *

Annotations:
D:5 3 runed translucent doors, pigah's ghost, novice OpWn


Innate Abilities, Weirdness & Mutations

You are too large for most types of armour.
You have claws for hands.
Your natural rate of healing is unusually fast.
You are covered in fur. (AC +1)
You have tough skin. (AC +1)


Message History

You are too injured to fight recklessly!
There are monsters nearby!
You block the gnoll's attack.
You scratch the gnoll.
The gnoll is heavily wounded.
You block the gnoll's attack.
You claw the gnoll!
You kill the gnoll!
Your attacks no longer feel as feeble.
You claw the gnoll!
You kill the gnoll!
The gnoll hits you from afar with a +2 halberd of freezing.
The gnoll freezes you.
You are too injured to fight recklessly!
The gnoll hits you with a +2 halberd of freezing!
The gnoll freezes you.
Things that are here:
a +0 flail; a +0 flail; a gnoll corpse You barely miss the gnoll.
The gnoll is no longer moving quickly.
The gnoll hits you with a +2 halberd of freezing.
The gnoll freezes you.
* * * LOW HITPOINT WARNING * * *
You scratch the gnoll.
The gnoll is lightly wounded.
The gnoll hits you with a +2 halberd of freezing!
* * * LOW HITPOINT WARNING * * *
The gnoll freezes you.
* * * LOW HITPOINT WARNING * * *
You claw the gnoll!
The gnoll is almost dead.
You block the gnoll's attack.
You closely miss the gnoll.
The gnoll is almost dead.
You block the gnoll's attack.
You closely miss the gnoll.
The gnoll is almost dead.
The gnoll hits you with a +2 halberd of freezing!
* * * LOW HITPOINT WARNING * * *
The gnoll freezes you.
You die...

#..#
#...............#
#..#
#.#....###..#####
#..# #[#....+.#..#
#..#####.#....#.#..#
#........'....'.#..#
#).#####.#....###..#
#.∩....#.###'## #..#
######.#.# #.# #...
#.#.#.# #@# #<#.#.#
#g# ####.#.#.#
#.)...... #....#.#.#
###(..... #.####.#
...... #.# #.# .....
#.# #.# ..... #.#
#.# ..(# #.# #.#
####


You could see a gnoll.

Vanquished Creatures
  Eustachio (D:4)
  Menkaure (D:4)
  A black bear (D:5)
  2 ogres
  2 scorpions
  A jelly (D:5)
  Crazy Yiuf (D:4)
  A gnoll bouda (D:5)
  An iguana (D:5)
  Natasha (D:4)
  4 gnolls (D:5)
  5 adders
  3 dart slugs (D:1)
  4 endoplasms
  3 giant cockroaches
  18 goblins
  11 hobgoblins
  6 kobolds
  3 quokkas
  6 ball pythons
  A bat (D:2)
  2 frilled lizards (D:2)
  8 rats
  A bush (D:4)
87 creatures vanquished.

Vanquished Creatures (others)
  3 fungi (D:4)
3 creatures vanquished.

Grand Total: 90 creatures vanquished

Notes
Turn   | Place    | Note
-------+----------+-------------------------------------------
     0 | D:1      | purpskrrrp the Troll Fighter began the quest for the Orb.
     0 | D:1      | Reached XP level 1. HP: 22/22 MP: 0/0
    70 | D:1      | Reached XP level 2. HP: 28/29 MP: 1/1
   211 | D:1      | Found Ypuxix's Book Shoppe.
   552 | D:2      | Reached skill level 3 in Unarmed Combat
   552 | D:2      | Reached XP level 3. HP: 36/36 MP: 2/2
   624 | D:2      | Found Oclynaqa's Weapon Shoppe.
  1005 | D:2      | Reached XP level 4. HP: 42/45 MP: 3/3
  1012 | D:2      | Found Xaxzaa Elaz's Antique Armour Emporium.
  1028 | D:2      | Found Faesaymy's Magic Scroll Shoppe.
  1031 | D:2      | Bought a scroll of identify for 24 gold pieces
  1031 | D:2      | Bought a scroll of butterflies for 48 gold pieces
  1031 | D:2      | Bought a scroll of teleportation for 36 gold pieces
  1505 | D:3      | Found a glowing golden altar of the Shining One.
  1505 | D:3      | Found a hide-covered altar of Uskayaw.
  1722 | D:3      | Reached skill level 4 in Unarmed Combat
  2110 | D:4      | Noticed a scorpion
  2114 | D:4      | Killed a scorpion
  2115 | D:4      | Reached XP level 5. HP: 48/53 MP: 4/4
  2133 | D:4      | Found a stormy altar of Qazlal.
  2235 | D:4      | Identified the ring of the Evening {rN+ Will- Str+6}
  2280 | D:4      | Noticed Eustachio
  2304 | D:4      | Killed Eustachio
  2305 | D:4      | Reached skill level 5 in Unarmed Combat
  2305 | D:4      | Reached XP level 6. HP: 29/62 MP: 5/5
  2658 | D:4      | Noticed Menkaure
  2659 | D:4      | Killed Menkaure
  2660 | D:4      | Reached skill level 6 in Unarmed Combat
  2660 | D:4      | Noticed Natasha
  2662 | D:4      | Killed Natasha
  2663 | D:4      | Reached XP level 7. HP: 70/70 MP: 6/6
  3042 | D:4      | Found a runed translucent door.
  3043 | D:4      | Noticed Crazy Yiuf
  3048 | D:4      | Killed Crazy Yiuf
  3098 | D:5      | Entered Level 5 of the Dungeon
  3135 | D:5      | Found Gastraedd's General Store.
  3231 | D:5      | Reached skill level 7 in Unarmed Combat
  3253 | D:5      | Found a runed translucent gate.
  3253 | D:5      | Found a runed translucent gate.
  3256 | D:5      | Found a runed translucent gate.
  3256 | D:5      | Found an opulent altar of Gozag.
  3256 | D:5      | Identified the ring "Vust" {Wiz Will+ Str-5 SInv}
  3259 | D:5      | Noticed pigah's ghost (novice OpWn)
  3259 | D:5      | Noticed a gargoyle
  3749 | D:5      | HP: 2/71 [gnoll/+2 halberd of freezing[a gnoll bouda] (10)]
  3749 | D:5      | Slain by a gnoll

Illustrated notes

Levels and vault maps discovered:
D:1:      zelgadis_glass_arrival_small, layout_basic, serial_shops,
          shop_fountains
D:2:      layout_basic, serial_shops, shop, nicolae_shop_behind_doors, shop,
          minmay_misc_feat_plants, chequers_serial_rivers_micro_c
D:3:      cheibrodos_greedy_goblins, layout_loops_ring,
          mainiacjoe_overflow_large_starburst
D:4:      layout_layer_cave, lemuel_coloured_pillars_altar,
          kennysheep_nondescript, minmay_ogre_servants, uniq_eustachio,
          uniq_menkaure, uniq_natasha, uniq_crazy_yiuf_cottage
D:5:      layout_basic, serial_shops, shop, ebering_ghost_gozag, uniq_ijyb

Skill      XL: |  1  2  3  4  5  6  7 |
---------------+----------------------+-----
Unarmed Combat | 3 4 5 6 7 |  7.6
Fighting       | 3 4 |  4.9
Dodging        | |  2.4
Shields        | |  2.6

Action                   |  1- 3 |  4- 6 |  7- 9 || total
-------------------------+-------+-------+-------++-------
Melee: Unarmed           |    78 |   115 |    66 ||   259
Throw: Large rock        |       |     8 |     9 ||    17
  Use: Scroll            |       |     8 |       ||     8
       Potion            |       |     1 |       ||     1
Armor: Robe              |    11 |    35 |     6 ||    52
Dodge: Dodged            |    17 |    39 |     4 ||    60
Block: Kite shield       |    28 |    59 |    11 ||    98

Table legend: (Time is in decaauts)
 A = Elapsed time spent in this place.
 B = Non-inter-level travel time spent in this place.
 C = Inter-level travel time spent in this place.
 D = Time resting spent in this place.
 E = Time spent auto-exploring this place.
 F = Levels seen in this place.
 G = Mean time per level.
                   A        B        C        D        E       F      G
               +--------+--------+--------+--------+--------+-----+--------+
         Total |   3780 |   3644 |    136 |    129 |   2865 |   5 |  756.0 |
       Dungeon |   3780 |   3644 |    136 |    129 |   2865 |   5 |  756.0 |
               +--------+--------+--------+--------+--------+-----+--------+

Top non-repeatable levels by time:
     D:4: 1149 daAuts
     D:3: 786 daAuts
     D:5: 660 daAuts
     D:2: 630 daAuts
     D:1: 553 daAuts
